 Dungeon Crawl Stone Soup version 0.16.1-51-g6203257 (webtiles) character file.

36 kae the Distorting Demonspawn (level 3, -3/29 HPs)
             Began as a Demonspawn Abyssal Knight on July 12, 2015.
             Was a Believer of Lugonu.
             Slain by raikaria's ghost (11 damage)
             ... on level 3 of the Dungeon.
             The game lasted 00:01:53 (2274 turns).

kae the Distorting Demonspawn (DsAK)                Turns: 2274, Time: 00:01:53

Health: -3/29      AC:  4    Str: 12    XL:     3   Next: 19%
Magic:  5/5        EV: 11    Int: 18    God:    Lugonu [**....]
Gold:   54         SH:  0    Dex: 13    Spells: 0 memorised, 2 levels left

rFire  . . .     SeeInvis .     a - +1 mace
rCold  . . .     Clarity  .     b - +0 leather armour
rNeg   . . .     SustAb   .     (no shield)
rPois  .         Gourm    .     (no helmet)
rElec  .         Spirit   .     (no cloak)
rCorr  .         Warding  .     (no gloves)
rMut   .         Stasis   .     (no boots)
MR     .....                    (no amulet)
Stlth  +.........               (no ring)
                                (no ring)

@: brilliant, glowing, not resistant to hostile enchantments, very unstealthy
A: icy blue scales 1, nightstalker 1
a: Depart the Abyss, Bend Space, Renounce Religion


You were on level 3 of the Dungeon.
You worshipped Lugonu.
Lugonu was pleased with you.
You were not hungry.

You visited 1 branch of the dungeon, and saw 3 of its levels.
You visited the Abyss 1 time.

You collected 54 gold pieces.

Inventory:

Hand weapons
 a - a +1 mace (weapon)
Armour
 b - a +0 leather armour (worn)
Scrolls
 d - a scroll of identify {unknown}
 e - 2 scrolls of teleportation {unknown}
 h - a scroll of fear {unknown}
 l - a scroll of magic mapping {unknown}
Potions
 g - a potion of brilliance
 j - a potion of agility {unknown}
 k - a potion of heal wounds {unknown}
Comestibles
 c - 2 bread rations
 f - 3 beef jerkies
 m - a chunk of flesh


   Skills:
 - Level 3.0 Fighting
 * Level 2.8 Maces & Flails
 - Level 1.7 Armour
 - Level 0.8 Dodging
 + Level 3.4 Invocations


You had 2 spell levels left.
You didn't know any spells.

Dungeon Overview and Level Annotations

Branches:
Dungeon (3/15)

Altars:
Makhleb
Nemelex Xobeh
Zin

Annotations:
D:3 raikaria's ghost, average KoAM


Innate Abilities, Weirdness & Mutations

You are partially covered in icy blue scales (AC +1).
You are slightly more attuned to the shadows.


Message History

Moving in this stuff is going to be slow.
The kobold hits the plant but does no damage.
Raikaria's ghost hits you but does no damage.
The kobold hits the plant but does no damage.
Drink which item? (? for menu, Esc to quit)
It was a potion of brilliance.
You feel clever all of a sudden.
Raikaria's ghost points at you and mumbles some strange words.
You are outlined in light.
The kobold hits the plant but does no damage.
Read which item? (? for menu, Esc to quit)
You can't read that!
Unknown command.
Unknown command.
Unknown command.
You aren't carrying any items that can be evoked.
Unknown command.
Drink which item? (? for menu, Esc to quit)
It was a potion of curing.
You feel better. Raikaria's ghost hits you!
You die...

#.<........##
...........#
##♣..P♣##.## .##
♣P≈♣♣ #..# ...##
♣P≈♣ ##.## .....
♣♣≈♣♣ ♣..#
#...♣♣♣♣♣≈≈≈♣♣♣♣♣.#
#...P♣.♣≈..≈♣P♣P♣.#
#..KW@....≈≈≈≈≈..#
#..P♣P♣P≈.≈P.PP♣##
.....♣♣♣♣♣P.P♣♣♣♣♣
...... ♣P≈♣♣ .....
♣P≈P♣ ...## ♣P≈P♣ .
♣P.. .


You could see raikaria's ghost and a kobold.

Vanquished Creatures
  4 orcs
  3 ball pythons
  2 goblins (D:1)
  7 hobgoblins
  4 bats
  2 giant newts
  4 kobolds
  4 rats
30 creatures vanquished.

Notes
Turn   | Place    | Note
--------------------------------------------------------------
     0 | Abyss:1  | kae, the Demonspawn Abyssal Knight, began the quest for the Orb.
     0 | Abyss:1  | Reached XP level 1. HP: 18/18 MP: 1/1
    32 | Abyss:1  | Found a corrupted altar of Lugonu.
   114 | Abyss:1  | Noticed a quasit
   309 | D:1      | Escaped the Abyss
   757 | D:1      | Gained mutation: You are slightly more attuned to the shadows. [demonic ancestry]
   757 | D:1      | Reached XP level 2. HP: 22/24 MP: 3/3
   818 | D:1      | Acquired Lugonu's second power
   914 | D:1      | Found a sparkling altar of Nemelex Xobeh.
  1376 | D:2      | Found a burning altar of Makhleb.
  1512 | D:2      | Found a glowing silver altar of Zin.
  1512 | D:2      | Noticed a cacodemon
  1512 | D:2      | Noticed an angel
  2115 | D:3      | Gained mutation: You are partially covered in icy blue scales (AC +1). [demonic ancestry]
  2115 | D:3      | Reached XP level 3. HP: 19/29 MP: 5/5
  2266 | D:3      | Noticed raikaria's ghost (average KoAM)
  2274 | D:3      | Slain by raikaria's ghost

Action                   || total
-------------------------++-------
Melee: Mace              ||   101
  Use: Potion            ||     2
 Stab: Sleeping          ||     4
  Eat: Chunk             ||     4
